 Seeded DCSS version 0.28.0-1-gb440e238dd (webtiles) character file.

Game seed: 18446744073709551615 (custom seed)

6307 lonewolfV2 the Cleaver (level 10, -5/124 (136) HPs)
             Began as a Hill Orc Fighter on Feb 20, 2022.
             Was a Priest of Beogh.
             Slain by a gnoll (8 damage)
             ... in a bailey.
             The game lasted 00:14:03 (8946 turns).

lonewolfV2 the Cleaver (Hill Orc Fighter)           Turns: 8946, Time: 00:14:03

HP:   -5/124 (136)  AC: 18    Str: 24    XL:     10   Next: 95%
MP:   10/10         EV:  8    Int:  8    God:    Beogh [***...]
Gold: 337           SH:  5    Dex: 10    Spells: 9/9 levels left

rFire   x . .      SeeInvis .   a - +1 war axe (venom)
rCold   + . .      Faith    +   c - +0 buckler
rNeg    + . .      Spirit   .   j - +1 chain mail {rN+}
rPois   .          Reflect  .   (no helmet)
rElec   .          Harm     .   i - +2 cloak
rCorr   .          Rampage  .   (no gloves)
Will    .....                   q - +2 pair of boots
Stlth   ..........              r - amulet of faith
HPRegen 0.30/turn               g - ring of flight
MPRegen 0.12/turn               k - ring of ice

@: berserking, flying, drained, very quick
A: no striking features
a: Renounce Religion, Smiting


You were in a bailey.
You worshipped Beogh.
Beogh was most pleased with you.
You visited 2 branches of the dungeon, and saw 9 of its levels.
You also visited: Bailey.

You collected 337 gold pieces.

Inventory:

Hand Weapons
 a - a +1 war axe of venom (weapon)
 t - a +2 scimitar of flaming
Missiles
 e - 4 throwing nets
Armour
 c - a +0 buckler (worn)
 i - a +2 cloak (worn)
 j - a +1 chain mail of positive energy (worn)
 q - a +2 pair of boots (worn)
Jewellery
 g - a ring of flight (left hand)
 k - a ring of ice (right hand)
 r - an amulet of faith (around neck)
Wands
 o - a wand of iceblast (14)
 s - a wand of flame (20)
Scrolls
 y - a scroll of enchant weapon
Potions
 b - a potion of ambrosia
 d - 2 potions of might
 h - 2 potions of brilliance
 l - 3 potions of haste
 m - a potion of degeneration
 n - 2 potions of curing
 p - a potion of berserk rage
 u - a potion of cancellation {unknown}
 v - a potion of flight {unknown}
 x - a potion of attraction {unknown}
 z - a potion of lignification {unknown}
 A - a potion of invisibility {unknown}
 B - a potion of magic {unknown}
Miscellaneous
 w - a piece from Xom's chessboard (1/15) (quivered)


   Skills:
 + Level 9.3 Fighting
 + Level 14.0 Axes
 + Level 1.2 Throwing
 + Level 8.2 Armour
 + Level 2.1 Dodging
 + Level 2.0 Stealth
 + Level 6.5 Shields
 + Level 2.1 Evocations


You had 9 spell levels left.
You didn't know any spells.
Your spell library contained the following spells:

 Spells                   Type           Power      Damage    Failure   Level
 Animate Skeleton         Necr           0%         N/A       97%         1
 Pain                     Necr           0%         1d4       97%         1
 Confusing Touch          Hex            0%         N/A       100%        3
 Portal Projectile        Hex/Tloc       0%         N/A       100%        3
 Vampiric Draining        Necr           0%         2d6       100%        3
 Leda's Liquefaction      Hex/Erth       0%         N/A       100%        4
 Blade Hands              Tmut           0%         N/A       100%        5
 Excruciating Wounds      Necr           0%         N/A       100%        5
 Freezing Cloud           Conj/Ice/Air   0%         6-21      100%        5
 Lee's Rapid Deconstruct  Erth           0%         3d5*      100%        5
 Yara's Violent Unravell  Hex/Tmut       0%         3d3       100%        5
 Simulacrum               Ice/Necr       0%         N/A       100%        6
 Statue Form              Tmut/Erth      0%         N/A       100%        6
 Enfeeble                 Hex            0%         N/A       100%        7
 Polar Vortex             Ice            0%         N/A       100%        9


Dungeon Overview and Level Annotations

Branches:
Dungeon (8/15)             Temple (1/1) D:7          Bailey (1/1)
   Lair: D:8-11

Altars:
Beogh

Shops:
D:7 (   D:8 [

Annotations:
D:5 3 runed translucent doors, Esekla's ghost, amateur DjAK


Message History

You closely miss the orc knight.
The orc knight is heavily wounded.
The gnoll barely misses you. The gnoll closely misses you.
The orc knight hits you with a +0 halberd!
The gnoll barely misses you.
You barely miss the orc knight.
The orc knight is heavily wounded.
You slash the orc knight!
The orc knight looks as sick as possible!
The orc knight is severely wounded.
The gnoll hits you but does no damage.
You are electrocuted!!
* * * LOW HITPOINT WARNING * * *
The gnoll hits you from afar with a +0 halberd of draining.
* * * LOW HITPOINT WARNING * * *
You partially resist.
You feel drained.
The orc knight hits you with a +0 halberd!
* * * LOW HITPOINT WARNING * * *
The gnoll barely misses you.
You slash the orc knight!
The orc knight looks as sick as possible!
The orc knight is almost dead.
You hit the orc knight.
The orc knight looks as sick as possible!
The orc knight is almost dead.
The gnoll closely misses you. The gnoll hits you but does no damage.
You partially resist.
The orc knight hits you with a +0 halberd!!
* * * LOW HITPOINT WARNING * * *
The gnoll hits you but does no damage. You partially resist.
You slice the orc knight!!
The orc knight surrenders.
It shouts, "I'll follow you!
Let me live!"
You swap places.
The gnoll hits you but does no damage. The gnoll closely misses you.
The gnoll barely misses you.
You slice the gnoll!!
You kill the gnoll!
Beogh accepts your kill.
You closely miss the gnoll.
The gnoll hits you from afar with a +1 halberd of draining!
You die...

##### ##.))##
+##+##'###'##+##+
#!.!)o## ##.....#
#.!.!.# ###.....#
+!.gg@+ #)'..⌠..+
#.!.!.# ###.....#
#!.!.!# ##.....##
+##+##'###'##'##'##
#g#.###.###)# ### ###
##### ### #)#
#.###.###)#)###.###)#
##'##'##'###'##'##'##
##.....## ##.....##


You could see 2 gnolls and a friendly orc knight (extremely poisoned).

Vanquished Creatures
  Harold (D:7)
  Pikel (D:7)
  A cyclops (D:7)
  Maggie (D:7)
  A troll (D:7)
  Grinder (D:3)
  Sigmund (D:2)
  5 yaks (D:8)
  2 vampire mosquitoes (D:8)
  2 steam dragons
  Edmund (D:6)
  2 water moccasins (D:7)
  Duvessa (D:6)
  2 necrophages
  An orc warrior (D:8)
  A black bear (D:5)
  An ice beast (D:6)
  A sky beast (D:6)
  3 ogres
  3 centaurs
  Blork the orc (D:4)
  A lemure (D:7)
  A bullfrog (D:6)
  A scorpion (D:4)
  Dowan (D:6)
  6 wights
  A centaur zombie (D:7)
  2 centaur skeletons (D:7)
  3 hounds
  2 jellies
  Jessica (D:3)
  4 iguanas
  8 orc wizards
  A killer bee zombie (D:6)
  A mummy (D:5)
  14 gnolls
  A howler monkey skeleton (D:6)
  5 adders
  2 ufetubi
  An adder zombie (D:4)
  An adder skeleton (D:4)
  A worm (D:2)
  2 dart slugs (D:1)
  30 orcs
  3 bats
  3 endoplasms
  3 giant cockroaches
  8 goblins
  6 hobgoblins
  4 kobolds
  3 quokkas
  5 ball pythons
  3 frilled lizards (D:1)
  A kobold zombie (D:5)
  3 orc zombies (D:5)
  3 rats
168 creatures vanquished.

Notes
Turn   | Place    | Note
-------+----------+-------------------------------------------
     0 | D:1      | lonewolfV2 the Hill Orc Fighter began the quest for the
                  | Orb.
     0 | D:1      | Reached XP level 1. HP: 19/19 MP: 1/1
   110 | D:1      | Found a faded altar of an unknown god.
   275 | D:1      | Reached XP level 2. HP: 24/27 MP: 2/2
   515 | D:1      | Reached skill level 3 in Axes
   719 | D:1      | Reached XP level 3. HP: 28/33 MP: 3/3
  1138 | D:2      | Noticed Sigmund
  1151 | D:2      | Killed Sigmund
  1152 | D:2      | Reached skill level 5 in Axes
  1152 | D:2      | Reached XP level 4. HP: 21/40 MP: 4/4
  1152 | D:2      | Reached XP level 5. HP: 24/46 MP: 5/5
  1583 | D:3      | Noticed Jessica
  1601 | D:3      | Killed Jessica
  1602 | D:3      | Reached XP level 6. HP: 45/53 MP: 6/6
  1710 | D:3      | Reached skill level 6 in Axes
  1711 | D:3      | Became a worshipper of Beogh the Brigand
  2002 | D:3      | Noticed Grinder
  2004 | D:3      | Paralysed by Grinder for 4 turns
  2022 | D:3      | Killed Grinder
  2023 | D:3      | Reached skill level 7 in Axes
  2023 | D:3      | Reached skill level 5 in Armour
  2023 | D:3      | Reached XP level 7. HP: 47/60 MP: 7/7
  2894 | D:4      | Noticed Blork the orc
  2908 | D:4      | Killed Blork the orc
  2909 | D:4      | Reached skill level 5 in Fighting
  3003 | D:4      | Reached skill level 8 in Axes
  3003 | D:4      | Reached skill level 1 in Dodging
  3345 | D:4      | Identified the +1 dagger "Goblinslayer" {spect, *Noise Fly
                  | rN+ Dex+4}
  3484 | D:5      | Entered Level 5 of the Dungeon
  3579 | D:5      | Found a runed translucent gate.
  3579 | D:5      | Noticed Esekla's ghost (amateur DjAK)
  3580 | D:5      | Found a runed translucent gate.
  3581 | D:5      | Found a runed translucent gate.
  3702 | D:5      | Reached XP level 8. HP: 68/68 MP: 8/8
  3990 | D:5      | Reached * piety under Beogh
  4015 | D:5      | Reached skill level 9 in Axes
  4678 | D:5      | Found a roughly hewn altar of Beogh.
  4764 | D:6      | Noticed Edmund
  4772 | D:6      | Killed Edmund
  4773 | D:6      | Reached skill level 5 in Shields
  5011 | D:6      | Reached skill level 1 in Stealth
  5049 | D:6      | Reached skill level 10 in Axes
  5049 | D:6      | Reached skill level 1 in Throwing
  5202 | D:6      | Reached XP level 9. HP: 60/75 MP: 9/9
  5361 | D:6      | Noticed Duvessa
  5361 | D:6      | Noticed Dowan
  5369 | D:6      | Killed Dowan
  5376 | D:6      | Killed Duvessa
  6319 | D:7      | Found a staircase to the Ecumenical Temple.
  6334 | D:7      | Reached skill level 11 in Axes
  6677 | D:7      | Found Ekhlum's Weapon Shoppe.
  6692 | D:7      | Noticed Maggie
  6706 | D:7      | Killed Maggie
  7018 | D:7      | Noticed Pikel
  7026 | D:7      | Killed Pikel
  7026 | D:7      | Reached ** piety under Beogh
  7027 | D:7      | Reached skill level 12 in Axes
  7027 | D:7      | Reached XP level 10. HP: 79/88 MP: 10/10
  7125 | D:7      | Noticed a cyclops
  7133 | D:7      | Killed a cyclops
  7625 | D:7      | Noticed Harold
  7641 | D:7      | Killed Harold
  7642 | D:7      | Reached skill level 13 in Axes
  8026 | Temple   | Entered the Ecumenical Temple
  8186 | D:8      | Reached skill level 1 in Evocations
  8482 | D:8      | Found Ceno's Armour Shop.
  8667 | D:8      | Found a flagged portal.
  8680 | Bailey   | Entered a bailey
  8848 | Bailey   | Reached skill level 14 in Axes
  8903 | Bailey   | Reached *** piety under Beogh
  8927 | Bailey   | Noticed an orc knight
  8942 | Bailey   | HP: 3/123 [orc knight (18)]
  8946 | Bailey   | Slain by a gnoll

Illustrated notes

Levels and vault maps discovered:
D:1:      matt_arrival_refuge, layout_basic, ebering_ecumenical_altar_hall
D:2:      layout_rooms, uniq_sigmund
D:3:      layout_loops_cross, uniq_jessica, uniq_grinder
D:4:      layout_basic, uniq_blork_the_orc
D:5:      layout_basic, biasface_ghost_orc_armoury, minmay_mini_ossuary
D:6:      layout_basic, uniq_duvessa, uniq_edmund
D:7:      layout_rooms, minmay_temple_entry_trees, serial_shops,
          nicolae_shop_behind_doors, minmay_small_thing, uniq_pikel,
          uniq_harold, uniq_maggie
D:8:      layout_rooms, david_lair_shrubbed, serial_shops, shop, enter_bailey_3,
          moated_statue, ebering_dispersal_statue_hall,
          hellmonk_bongcloud_opening, kennysheep_flooded_box
Temple:   kilobyte_greek_temple
Bailey:   bailey_polearm_nasty_gnolls, bailey

Skill      XL: |  1  2  3  4  5  6  7  8  9 10 |
---------------+-------------------------------+-----
Axes           | 3 5 7 8 10 12 14 | 14.0
Fighting       | 4 5 6 7 9 |  9.3
Armour         | 4 5 6 7 8 |  8.2
Shields        | 4 5 6 |  6.5
Dodging        | 1 2 |  2.1
Stealth        | 1 2 |  2.0
Throwing       | 1 |  1.2
Evocations     | 2 |  2.1

Action                   |  1- 3 |  4- 6 |  7- 9 | 10-12 || total
-------------------------+-------+-------+-------+-------++-------
Melee: War axe           |    68 |    57 |   312 |   144 ||   581
Throw: Throwing net      |       |       |     8 |       ||     8
Invok: Convert to Beogh  |       |     1 |       |       ||     1
Evoke: Piece from Xom's  |       |       |       |    15 ||    15
  Use: Scroll            |       |     1 |    10 |     2 ||    13
       Potion            |       |       |       |     2 ||     2
 Stab: Held in net/web   |       |       |     2 |       ||     2
       Petrified         |       |       |       |     4 ||     4
       Paralysed         |       |       |       |     4 ||     4
Armor: Scale mail        |    25 |       |       |       ||    25
       Skin              |     1 |       |       |       ||     1
       Chain mail        |    10 |    30 |   197 |    86 ||   323
Dodge: Dodged            |    32 |    23 |    90 |    70 ||   215
Block: Buckler           |    13 |    12 |    76 |    27 ||   128
